ITL
HAVANA ROLLERS @ BIRMINGHAM BARONS
07/29/2027
 
TOP OF THE 1ST
Havana Rollers batting - Pitching for Birmingham Barons : LHP Gonzalo Martínez
Pitching: LHP Gonzalo Martínez
Batting: LHB José Torres 0-0: Ball
1-0: SINGLE (Flyball, 8LS)
Batting: RHB Paul Bailey 0-0: Ball
1-0: Ball
2-0: Grounds into double play, 5-4-3 (Groundball, 5)
Batting: RHB Soshu Nakamura 0-0: Called Strike
0-1: Swinging Strike
0-2: Ball
1-2: Ground out 4-3 (Groundball, 4MS)
Top of the 1st over - 0 run(s), 1 hit(s), 0 error(s), 0 left on base; Havana 0 - Birmingham 0
BOTTOM OF THE 1ST
Birmingham Barons batting - Pitching for Havana Rollers : LHP Dave Miller
Pitching: LHP Dave Miller
Batting: LHB Al Gaines 0-0: Ball
1-0: Ball
2-0: Ground out 4-3 (Groundball, 4)
Batting: RHB Vicente Elías 0-0: Ball
1-0: Ball
2-0: Called Strike
2-1: Foul Ball, location: 2F
2-2: Ball
3-2: Strikes out looking
Batting: RHB Yujiro Kurihara 0-0: Called Strike
0-1: DOUBLE (Line Drive, 7LS)
Batting: SHB Anastasio Ortíz 0-0: Ball
1-0: Called Strike
1-1: Fly out, F7 (Flyball, 7)
Bottom of the 1st over - 0 run(s), 1 hit(s), 0 error(s), 1 left on base; Havana 0 - Birmingham 0
TOP OF THE 2ND
Havana Rollers batting - Pitching for Birmingham Barons : LHP Gonzalo Martínez
Batting: SHB Chris Bennis 0-0: Ball
1-0: Called Strike
1-1: Fly out, F9 (Flyball, 9S)
Batting: RHB Jack Bailey 0-0: Swinging Strike
0-1: Ball
1-1: Ball
2-1: Ball
3-1: DOUBLE (Line Drive, 9LS)
Batting: LHB Enrique Cortéz 0-0: Called Strike
0-1: Foul Ball, location: 2F
0-2: Ball
1-2: Ball
2-2: Foul Ball, location: 2F
2-2: Foul Ball, location: 2F
2-2: Strikes out swinging
Batting: RHB Victor Andrews 0-0: Fly out, F6 (Popup, 6D)
Top of the 2nd over - 0 run(s), 1 hit(s), 0 error(s), 1 left on base; Havana 0 - Birmingham 0
BOTTOM OF THE 2ND
Birmingham Barons batting - Pitching for Havana Rollers : LHP Dave Miller
Batting: RHB Jean-Paul St-Pierre 0-0: Swinging Strike
0-1: SINGLE (Line Drive, 9LS)
Batting: RHB Warren Martin 0-0: Called Strike
0-1: Ball
1-1: Ball
2-1: Foul Ball, location: 2F
2-2: Fly out, F9 (Flyball, 9D)
Runner from 1st tags up, SAFE at 2nd
Batting: RHB Peyton Yardley 0-0: Fly out, F8 (Flyball, 8RS)
Batting: LHB Marc May 0-0: Called Strike
0-1: Ground out U3 (Groundball, 34)
Bottom of the 2nd over - 0 run(s), 1 hit(s), 0 error(s), 1 left on base; Havana 0 - Birmingham 0
TOP OF THE 3RD
Havana Rollers batting - Pitching for Birmingham Barons : LHP Gonzalo Martínez
Batting: LHB Juan Romero 0-0: Called Strike
0-1: Ground out U3 (Groundball, 34)
Batting: RHB Francisco Rincón 0-0: Called Strike
0-1: SINGLE (Line Drive, 9LS)
Batting: LHB José Torres 0-0: Ball
1-0: Foul Ball, location: 2F
1-1: Fielders Choice at 2nd, 4-6 (Groundball, 4M)
Batting: RHB Paul Bailey Pickoff Throw to First - Error! E1
José Torres to second
0-0: Called Strike
0-1: SINGLE (Groundball, 6MD)
José Torres to third
Runner from 3rd tries for Home, SAFE, no throw
Batting: RHB Soshu Nakamura 0-0: Ball
1-0: Called Strike
1-1: Ball
2-1: Swinging Strike
2-2: Strikes out swinging
Top of the 3rd over - 1 run(s), 2 hit(s), 1 error(s), 1 left on base; Havana 1 - Birmingham 0
BOTTOM OF THE 3RD
Birmingham Barons batting - Pitching for Havana Rollers : LHP Dave Miller
Batting: RHB David Raymos 0-0: Ball
1-0: Foul Ball, location: 2F
1-1: SINGLE (Flyball, 89S)
Batting: LHB Al Gaines 0-0: Grounds into double play, 3-6-1 (Groundball, 3)
Batting: RHB Vicente Elías 0-0: Called Strike
0-1: Swinging Strike
0-2: Strikes out swinging
Bottom of the 3rd over - 0 run(s), 1 hit(s), 0 error(s), 0 left on base; Havana 1 - Birmingham 0
TOP OF THE 4TH
Havana Rollers batting - Pitching for Birmingham Barons : LHP Gonzalo Martínez
Batting: SHB Chris Bennis 0-0: Ball
1-0: Swinging Strike
1-1: Swinging Strike
1-2: Ball
2-2: Strikes out swinging
Batting: RHB Jack Bailey 0-0: Foul Ball, location: 2F
0-1: Ball
1-1: Ball
2-1: Ball
3-1: Called Strike
3-2: Foul Ball, location: 2F
3-2: Foul Ball, location: 2F
3-2: Ground out 6-3 (Groundball, 6M)
Batting: LHB Enrique Cortéz 0-0: Fly out, F5 (Line Drive, 5)
Top of the 4th over - 0 run(s), 0 hit(s), 0 error(s), 0 left on base; Havana 1 - Birmingham 0
BOTTOM OF THE 4TH
Birmingham Barons batting - Pitching for Havana Rollers : LHP Dave Miller
Batting: RHB Yujiro Kurihara 0-0: Ball
1-0: Called Strike
1-1: Ball
2-1: Swinging Strike
2-2: SINGLE (Groundball, 4D)
Batting: SHB Anastasio Ortíz 0-0: Called Strike
0-1: Ball
1-1: Called Strike
1-2: Foul Ball, location: 2F
1-2: Hit by Pitch
Yujiro Kurihara to second
Batting: RHB Jean-Paul St-Pierre 0-0: Foul Ball, location: 2F
0-1: Swinging Strike
0-2: Ball
1-2: Foul Ball, location: 2F
1-2: Foul Ball, location: 2F
1-2: Hit by Pitch
Yujiro Kurihara to third
Anastasio Ortíz to second
Batting: RHB Warren Martin 0-0: Grounds into double play, 1-2-3 (Groundball, 13S)
Anastasio Ortíz to third
Jean-Paul St-Pierre to second
Batting: RHB Peyton Yardley 0-0: Called Strike
0-1: Swinging Strike
0-2: Ball
1-2: Strikes out swinging
Bottom of the 4th over - 0 run(s), 1 hit(s), 0 error(s), 2 left on base; Havana 1 - Birmingham 0
TOP OF THE 5TH
Havana Rollers batting - Pitching for Birmingham Barons : LHP Gonzalo Martínez
Batting: RHB Victor Andrews 0-0: Ball
1-0: Ball
2-0: SINGLE (Groundball, 4D)
Batting: LHB Juan Romero 0-0: Ball
1-0: Called Strike
1-1: Reached on error, E1 (Groundball, 13S)
Victor Andrews to second
Batting: RHB Francisco Rincón 0-0: Ball
1-0: Reached on error, E5 (Groundball, 56S)
Victor Andrews scores
Juan Romero to third
Batting: LHB José Torres 0-0: Ball
1-0: SINGLE (Groundball, 4D)
Juan Romero scores
Francisco Rincón to third
Runner from 3rd tries for Home, SAFE, throw made home
José Torres to second
Pitching: RHP César Morín
Batting: RHB Paul Bailey 0-0: Called Strike
0-1: Foul Ball, location: 2F
0-2: SINGLE (Groundball, 34D)
José Torres to third
Runner from 3rd tries for Home, SAFE, no throw
Batting: RHB Soshu Nakamura 0-0: Fly out, F7 (Flyball, 78M)
Batting: SHB Chris Bennis 0-0: Called Strike
0-1: Called Strike
0-2: Foul Ball, location: 2F
0-2: Foul Ball, location: 2F
0-2: Ball
1-2: Strikes out swinging
Batting: RHB Jack Bailey 0-0: Called Strike
Paul Bailey steals 2nd base
0-1: Fly out, F9 (Flyball, 9LM)
Top of the 5th over - 4 run(s), 3 hit(s), 2 error(s), 1 left on base; Havana 5 - Birmingham 0
BOTTOM OF THE 5TH
Birmingham Barons batting - Pitching for Havana Rollers : LHP Dave Miller
Batting: LHB Marc May 0-0: Fly out, F6 (Popup, 6)
Batting: RHB David Raymos 0-0: Foul Ball, location: 2F
0-1: Called Strike
0-2: Ground out 6-3 (Groundball, 6S)
Batting: LHB Al Gaines 0-0: Foul Ball, location: 2F
0-1: Ball
1-1: Ball
2-1: Ground out 5-3 (Groundball, 5)
Bottom of the 5th over - 0 run(s), 0 hit(s), 0 error(s), 0 left on base; Havana 5 - Birmingham 0
TOP OF THE 6TH
Havana Rollers batting - Pitching for Birmingham Barons : RHP César Morín
Batting: LHB Enrique Cortéz 0-0: SINGLE (Line Drive, 8LS)
Batting: RHB Victor Andrews 0-0: Called Strike
0-1: Called Strike
0-2: Ball
1-2: Strikes out swinging
Batting: LHB Juan Romero 0-0: Called Strike
0-1: Called Strike
0-2: Ball
1-2: Ball
2-2: Foul Ball, location: 2F
2-2: Ball
3-2: Ground out 4-3 (Groundball, 34)
Enrique Cortéz to second
Batting: RHB Francisco Rincón 0-0: Ball
1-0: Ball
2-0: Ball
3-0: Called Strike
3-1: Foul Ball, location: 2F
3-2: Foul Ball, location: 2F
3-2: Foul Ball, location: 2F
3-2: Base on Balls
Batting: LHB José Torres 0-0: Hit by Pitch
Enrique Cortéz to third
Francisco Rincón to second
Batting: RHB Paul Bailey 0-0: Called Strike
0-1: Ball
1-1: Ball
2-1: Ball
3-1: Called Strike
3-2: GRAND SLAM HOME RUN (Flyball, 9D), Distance : 348 ft
Pitching: LHP Richard Simpson
Batting: RHB Soshu Nakamura 0-0: Ball
1-0: SINGLE (Line Drive, 9S)
Batting: SHB Chris Bennis 0-0: Ball
1-0: Ball
2-0: DOUBLE (Line Drive, 7LM)
Soshu Nakamura to third
Runner from 3rd tries for Home, SAFE, no throw
Batting: RHB Jack Bailey 0-0: Called Strike
0-1: Ball
1-1: Ball
2-1: Ball
3-1: Base on Balls
Batting: LHB Enrique Cortéz 0-0: Ground out U3 (Groundball, 34)
Top of the 6th over - 5 run(s), 4 hit(s), 0 error(s), 2 left on base; Havana 10 - Birmingham 0
BOTTOM OF THE 6TH
Birmingham Barons batting - Pitching for Havana Rollers : LHP Dave Miller
Batting: RHB Vicente Elías 0-0: Fly out, F7 (Flyball, 7S)
Batting: RHB Yujiro Kurihara 0-0: Foul Ball, location: 2F
0-1: DOUBLE (Line Drive, 7LM)
Batting: SHB Anastasio Ortíz 0-0: Ball
1-0: Foul Ball, location: 2F
1-1: SINGLE (Flyball, 89S)
Yujiro Kurihara to third
Runner from 3rd tries for Home, SAFE, throw made home
Batting: RHB Jean-Paul St-Pierre 0-0: Called Strike
0-1: Called Strike
0-2: Ball
1-2: Strikes out swinging
Batting: RHB Warren Martin 0-0: Swinging Strike
0-1: Called Strike
Anastasio Ortíz steals 2nd base
0-2: Ball
1-2: Ball
2-2: Fly out, F8 (Flyball, 89M)
Bottom of the 6th over - 1 run(s), 2 hit(s), 0 error(s), 1 left on base; Havana 10 - Birmingham 1
TOP OF THE 7TH
Havana Rollers batting - Pitching for Birmingham Barons : LHP Richard Simpson
Batting: RHB Victor Andrews 0-0: Called Strike
0-1: Called Strike
0-2: Ground out 6-3 (Groundball, 6)
Batting: LHB Juan Romero 0-0: Ball
1-0: Ground out 5-3 (Groundball, 56D)
Batting: RHB Francisco Rincón 0-0: SINGLE (Line Drive, 78S)
Batting: LHB José Torres 0-0: Ball
1-0: Called Strike
1-1: Swinging Strike
1-2: Ball
2-2: Foul Ball, location: 2F
2-2: Strikes out swinging
Top of the 7th over - 0 run(s), 1 hit(s), 0 error(s), 1 left on base; Havana 10 - Birmingham 1
BOTTOM OF THE 7TH
Birmingham Barons batting - Pitching for Havana Rollers : LHP Dave Miller
Batting: RHB Peyton Yardley 0-0: Ground out 6-3 (Groundball, 6)
Batting: LHB Marc May 0-0: Ball
1-0: Foul Ball, location: 2F
1-1: Ball
2-1: Ground out 4-3 (Groundball, 4)
Batting: RHB David Raymos 0-0: Ball
1-0: Ball
2-0: Ground out 1-3 (Groundball, 13)
Bottom of the 7th over - 0 run(s), 0 hit(s), 0 error(s), 0 left on base; Havana 10 - Birmingham 1
TOP OF THE 8TH
Havana Rollers batting - Pitching for Birmingham Barons : LHP Richard Simpson
Batting: RHB Paul Bailey 0-0: Foul Ball, location: 2F
0-1: Foul Ball, location: 2F
0-2: Strikes out swinging, 2-3 out at first.
Batting: RHB Soshu Nakamura 0-0: Called Strike
0-1: Ball
1-1: Swinging Strike
1-2: Ball
2-2: Foul Ball, location: 2F
2-2: Strikes out looking
Batting: SHB Chris Bennis 0-0: Ball
1-0: Ball
2-0: Foul Ball, location: 2F
2-1: Ground out 4-3 (Groundball, 4MS)
Top of the 8th over - 0 run(s), 0 hit(s), 0 error(s), 0 left on base; Havana 10 - Birmingham 1
BOTTOM OF THE 8TH
Birmingham Barons batting - Pitching for Havana Rollers : LHP Dave Miller
Pitching: RHP Brad Sharpe
Now at 1B: Zhi-huan Loong
Batting: LHB Al Gaines 0-0: Ball
1-0: Foul Ball, location: 2F
1-1: Called Strike
1-2: Ball
2-2: Ball
3-2: Base on Balls
Batting: RHB Vicente Elías 0-0: Ball
1-0: Ball
2-0: Grounds into double play, 5-4-3 (Groundball, 56)
Batting: RHB Yujiro Kurihara 0-0: Called Strike
0-1: Foul Ball, location: 2F
0-2: Ball
1-2: DOUBLE (Flyball, 8RM)
Batting: SHB Anastasio Ortíz 0-0: Ball
1-0: Fly out, F2 (Popup, 15)
Bottom of the 8th over - 0 run(s), 1 hit(s), 0 error(s), 1 left on base; Havana 10 - Birmingham 1
TOP OF THE 9TH
Havana Rollers batting - Pitching for Birmingham Barons : LHP Richard Simpson
Batting: RHB Jack Bailey 0-0: Ball
1-0: SINGLE (Groundball, 56D)
Batting: LHB Enrique Cortéz 0-0: Foul Ball, location: 2F
0-1: Hit by Pitch
Jack Bailey to second
Batting: RHB Victor Andrews 0-0: Ball
1-0: Ball
2-0: Foul Ball, location: 2F
2-1: Grounds into double play, 6-4-3 (Groundball, 6)
Jack Bailey to third
Batting: LHB Juan Romero 0-0: Ball
1-0: Called Strike
1-1: DOUBLE (Flyball, 78D)
Jack Bailey scores
Batting: RHB Francisco Rincón 0-0: Ball
1-0: Called Strike
1-1: Called Strike
1-2: Foul Ball, location: 2F
1-2: Foul Ball, location: 2F
1-2: Foul Ball, location: 2F
1-2: Ball
2-2: Ball
3-2: Foul Ball, location: 2F
3-2: SINGLE (Groundball, 34D)
Juan Romero to third
Juan Romero scores
Pitching: RHP Domingo Ortíz
Pinch Hitting: LHB Phil Smith 0-0: Ball
1-0: Ball
2-0: Ball
3-0: Called Strike
3-1: Base on Balls
Francisco Rincón to second
Batting: RHB Paul Bailey 0-0: Called Strike
0-1: Fly out, F8 (Flyball, 8RM)
Top of the 9th over - 2 run(s), 3 hit(s), 0 error(s), 2 left on base; Havana 12 - Birmingham 1
BOTTOM OF THE 9TH
Birmingham Barons batting - Pitching for Havana Rollers : RHP Brad Sharpe
Now in CF: Phil Smith
Batting: RHB Jean-Paul St-Pierre 0-0: Ball
1-0: Called Strike
1-1: Swinging Strike
1-2: Strikes out swinging
Batting: RHB Warren Martin 0-0: Swinging Strike
0-1: Foul Ball, location: 2F
0-2: Foul Ball, location: 2F
0-2: SINGLE (Groundball, 4D)
Batting: RHB Peyton Yardley 0-0: Ball
1-0: Ball
2-0: Called Strike
2-1: Foul Ball, location: 2F
2-2: Grounds into double play, 5-4-3 (Groundball, 5)
Bottom of the 9th over - 0 run(s), 1 hit(s), 0 error(s), 0 left on base; Havana 12 - Birmingham 1
Thursday, March 30th, 2017 - OOTP Baseball 17.12 Build 75